 Dungeon Crawl Stone Soup version 0.29.1-2-gbd0b4ee654 (webtiles) character file.

Game seed: 13662811300820529214

11 MrSixtyFour the Caller (level 2, 0/15 HPs)
             Began as a Kobold Summoner on Nov 25, 2022.
             Slain by a dart slug (2 damage)
             ... on level 2 of the Dungeon.
             The game lasted 00:02:47 (438 turns).

MrSixtyFour the Caller (Kobold Summoner)             Turns: 438, Time: 00:02:47

Health: 0/15       AC:  2    Str:  5    XL:     2   Next: 35%
Magic:  1/5        EV: 15    Int: 16    God:
Gold:   19         SH:  0    Dex: 15    Spells: 4/5 levels left

rFire   . . .      SeeInvis .   (weapon restricted)
rCold   . . .      Faith    .   (no shield)
rNeg    . . .      Spirit   .   a - +0 robe
rPois   .          Reflect  .   (no helmet)
rElec   .          Harm     .   (no cloak)
rCorr   .          Rampage  .   (no gloves)
Will    .....                   (no boots)
Stlth   +++.......              (no amulet)
HPRegen 0.05/turn               (no ring)
MPRegen 0.09/turn               (no ring)

@: about to teleport
A: small, no large weapons, nightstalker 3
a: no special abilities


You were on level 2 of the Dungeon.
You visited 1 branch of the dungeon, and saw 2 of its levels.

You collected 19 gold pieces.

Inventory:

Armour
 a - a +0 robe (worn)
Potions
 b - a potion of magic


   Skills:
 + Level 2.4 Dodging
 + Level 2.7 Stealth
 + Level 2.3 Spellcasting
 + Level 4.4 Summonings


You had 4 spell levels left.
You knew the following spells:

 Your Spells              Type           Power      Damage    Failure   Level
a - Summon Small Mammal   Summ           60%        N/A       3%          1

Your spell library contained the following spells:

 Spells                   Type           Power      Damage    Failure   Level
 Call Imp                 Summ           15%        N/A       4%          2
 Call Canine Familiar     Summ           15%        N/A       10%         3
 Summon Guardian Golem    Hex/Summ       8%         N/A       24%         3
 Summon Lightning Spire   Summ/Air       8%         N/A       63%         4


Dungeon Overview and Level Annotations

Branches:
Dungeon (1/15)

Altars:


Innate Abilities, Weirdness & Mutations

You are small and have problems with some larger weapons.
You are completely attuned to the shadows.


Message History

Your quokka barely misses the quokka.
The quokka barely misses you.
The dart slug briefly extends its eye-stalks.
The dart slug bites you.
You barely miss the quokka.
The quokka is lightly wounded.
Your quokka completely misses the quokka.
The quokka bites you but does no damage.
You miss the quokka.
The quokka is lightly wounded.
Your quokka barely misses the quokka.
The quokka barely misses you. The dart slug launches a dart at you.
The slug dart misses you.
You hit the quokka but do no damage.
The quokka is lightly wounded.
Your quokka misses the quokka. The quokka misses you.
The dart slug bites you but does no damage.
Your quokka completely misses the quokka.
You barely miss the quokka.
The quokka is lightly wounded.
Your rat disappears in a puff of smoke!
The quokka barely misses you.
Your quokka barely misses the quokka.
The quokka bites you.
* * * LOW HITPOINT WARNING * * *
The dart slug bites you.
* * * LOW HITPOINT WARNING * * *
Unknown command.
Unknown command.
As you read the scroll labelled UNAICO RUERU, it crumbles to dust.
You feel aware of your surroundings.
It was a scroll of magic mapping.
Your quokka barely misses the quokka.
The quokka closely misses you.
As you read the scroll labelled FIYMAKHLOUMO, it crumbles to dust.
You feel strangely unstable.
It was a scroll of teleportation.
Your quokka bites the quokka.
The quokka dies!
The dart slug barely misses you.
As you read the scroll labelled GOETHY OKOOF, it crumbles to dust.
It is a scroll of identify.
You don't have any unidentified items.
The dart slug bites you.
You die...

,**#.###...#
**,....##..#
*,,*,#..#..#
,.#)#?#....#
*..#r#..#..#
**w..b.##.##
.###b###..########
......§..†.....w.#
..##############@#
*,,,,,,,,,,,,* #r#
*******,****,**#.#
*,* *,,,..# *,*
****### *,* *,*
*,* *<*


You could see a dart slug (ally target) and a friendly quokka (summoned).

Vanquished Creatures (collateral kills)
  A dart slug (D:1)
  A giant cockroach (D:1)
  2 hobgoblins
  3 quokkas (D:2)
7 creatures vanquished.

Notes
Turn   | Place    | Note
-------+----------+-------------------------------------------
     0 | D:1      | MrSixtyFour the Kobold Summoner began the quest for the
                  | Orb.
     0 | D:1      | Reached XP level 1. HP: 10/10 MP: 3/3
   285 | D:1      | You fall into a shaft and drop 1 floor!
   332 | D:2      | Reached XP level 2. HP: 15/15 MP: 0/5
   438 | D:2      | Slain by a dart slug

Illustrated notes

Levels and vault maps discovered:
D:1:      nzn_arrival_crosshair, layout_loops_ring,
          hellmonk_ecumenical_altar_arch_garden, lemuel_flame_loot_1
D:2:      minmay_skewed_foursquare, layout_basic, hangedman_decor_growths,
          minmay_door_square, minmay_parallelograms, minmay_box_of_dots

Action                   || total
-------------------------++-------
Melee: Unarmed           ||    17
 Cast: Summon Small Mamm ||    18
  Use: Scroll            ||     3
       Potion            ||     1
Armor: Robe              ||     3
Dodge: Dodged            ||    34
